 Dungeon Crawl Stone Soup version 0.30-a0-4-ga7cffc901d (webtiles) character file.

Game seed: 11616319076983808729

63077 bjtr the Marksspriggan (level 14, -18/65 HPs)
             Began as a Spriggan Arcane Marksman on Aug 20, 2022.
             Was an Elder of Elyvilon.
             Killed from afar by a lindwurm (43 damage)
             ... with a blast of flame
             ... on level 5 of the Lair of Beasts on Aug 21, 2022.
             The game lasted 02:58:57 (30786 turns).

bjtr the Marksspriggan (Spriggan Arcane Marksman)  Turns: 30786, Time: 02:58:57

Health: -18/65     AC:  9    Str:  6    XL:     14   Next: 66%
Magic:  25/29      EV: 27    Int: 14    God:    Elyvilon [****..]
Gold:   1166       SH: 13    Dex: 21    Spells: 12/34 levels left

rFire   . . .      SeeInvis +    a - +3 hand crossbow "Voclestro" {freeze, Stlth+}
rCold   . . .      Faith    .    V - +0 buckler
rNeg    . . .      Spirit   .    v - +2 steam dragon scales
rPois   .          Reflect  +    y - +2 hat
rElec   .          Harm     .    (no cloak)
rCorr   .          Rampage  .    (gloves unavailable)
Will    ++...                    (boots unavailable)
Stlth   +++++.....               e - amulet of reflection
HPRegen 0.20/turn                t - ring of flight
MPRegen 0.21/turn                (no ring)

@: flying, very quick
A: very small, no large weapons, unfitting armour, see invisible, speed 3
a: Renounce Religion, Purification, Heal Other, Heal Self


You were on level 5 of the Lair of Beasts.
You worshipped Elyvilon.
Elyvilon was greatly pleased with you.
You visited 3 branches of the dungeon, and saw 19 of its levels.
You also visited: Bailey and Volcano.

You collected 1315 gold pieces.
You spent 149 gold pieces at shops.

Inventory:

Hand Weapons
 a - the +3 hand crossbow "Voclestro" (weapon) {freeze, Stlth+}
   (You acquired it on level 11 of the Dungeon)

   Any ammunition fired from it freezes those it strikes, dealing additional
   cold damage.
   It can also slow down cold-blooded creatures.
   Stlth:     It makes you more stealthy.
 L - a +3 scimitar of freezing
Missiles
 h - 3 curare-tipped darts
 i - 138 stones
 E - 3 throwing nets
Armour
 k - a +2 robe of cold resistance
 p - +0 acid dragon scales
 v - +2 steam dragon scales (worn)
 y - a +2 hat (worn)
 B - +0 fire dragon scales
 V - a +0 buckler (worn)
Jewellery
 e - an amulet of reflection (around neck)
 s - an amulet of regeneration
 t - a ring of flight (left hand)
 K - an amulet of faith
Wands
 c - a wand of acid (6)
 o - a wand of charming (12)
 w - a wand of flame (6)
 A - a wand of polymorph (8)
 C - a wand of digging (2)
 D - a wand of roots (12)
 T - a wand of mindburst (9)
Scrolls
 b - 2 scrolls of poison
 n - 2 scrolls of butterflies
 u - a scroll of amnesia
 G - 9 scrolls of teleportation
 O - a scroll of fear
 U - 8 scrolls of identify
 Y - a scroll of enchant weapon
Potions
 d - 6 potions of lignification
 g - 3 potions of mutation
 j - 3 potions of berserk rage
 m - 2 potions of attraction
 x - 5 potions of brilliance
 z - 4 potions of might
 F - 4 potions of haste
 M - 2 potions of magic
 N - 3 potions of invisibility
 P - 3 potions of cancellation
 Q - 3 potions of heal wounds
 X - 8 potions of curing
 Z - a potion of resistance
Miscellaneous
 q - a phial of floods
 r - a piece from Xom's chessboard (15/15)


   Skills:
 + Level 3.4 Fighting
 * Level 15.5 Ranged Weapons
 * Level 12.3 Dodging
 + Level 6.6 Stealth
 * Level 6.6 Shields
 + Level 10.5 Spellcasting
 + Level 14.3 Hexes
 + Level 3.2 Translocations
 + Level 4.1 Fire Magic
 + Level 5.8 Invocations
 + Level 1.4 Evocations


You had 12 spell levels left.
You knew the following spells:

 Your Spells              Type           Power      Damage    Failure   Level
a - Slow                  Hex            100%       N/A       1%          1
b - Inner Flame           Hex/Fire       33%        N/A       1%          3
c - Portal Projectile     Hex/Tloc       64%        N/A       1%          3
d - Cause Fear            Hex            23%        N/A       1%          4
e - Mephitic Cloud        Conj/Pois/Air  7%         N/A       47%         3
f - Leda's Liquefaction   Hex/Erth       13%        N/A       10%         4
g - Sandblast             Erth           14%        2d6       19%         1
h - Dazzling Flash        Conj/Hex       54%        N/A       2%          3

Your spell library contained the following spells:

 Spells                   Type           Power      Damage    Failure   Level
 Ensorcelled Hibernation  Hex/Ice        54%        N/A       1%          2
 Magic Dart               Conj           28%        1d4       19%         1
 Call Imp                 Summ           7%         N/A       26%         2
 Passwall                 Tmut/Erth      5%         N/A       26%         2
 Poisonous Vapours        Pois/Air       14%        N/A       26%         2
 Sublimation of Blood     Necr           7%         N/A       26%         2
 Wereblood                Tmut           7%         N/A       26%         2
 Call Canine Familiar     Summ           7%         N/A       47%         3
 Stone Arrow              Conj/Erth      14%        3d7       47%         3
 Swiftness                Air            7%         N/A       47%         3
 Iskenderun's Mystic Bla  Conj/Tloc      11%        2d4       67%         4
 Corpse Rot               Necr/Pois/Air  7%         N/A       87%         4
 Fireball                 Conj/Fire      6%         3d5       91%         5
 Starburst                Conj/Fire      6%         6d4       100%        6
 Summon Hydra             Summ           3%         N/A       100%        7
 Ignition                 Fire           9%         3d5       100%        8


Dungeon Overview and Level Annotations

Branches:
Dungeon (13/15)            Temple (1/1) D:6            Lair (5/5) D:11
  Swamp (0/4) Lair:3        Snake (0/4) Lair:3        Slime (0/5) Lair:5
    Orc (0/2) D:9          Vaults (0/5) D:13         Bailey (visited)
Volcano (visited)

Altars:
Ashenzari
Cheibriados
Dithmenos
Elyvilon
Fedhas
Gozag
Hepliaklqana
Kikubaaqudgha
Makhleb
Nemelex Xobeh
Okawaru
Qazlal
Ru
Sif Muna
Trog
Uskayaw
Vehumet
Wu Jian
Xom
Yredelemnul
Zin
The Shining One

Shops:
D:2 !   D:4 ?

Annotations:
D:13 Rupert, Urug


Innate Abilities, Weirdness & Mutations

You are very small and have problems with some larger weapons.
You are too small for most types of armour.
You have supernaturally acute eyesight. (SInv)
You cover ground extremely quickly. (Speed+++)


Message History

Confirm with . or Enter, or press ? or * to list all spells.
Aiming: Slow (safe; 1% risk of failure)
Press: ? - help, Shift-Dir - straight line, f - boulder beetle, p - lindwurm
Aim: a boulder beetle (chance to affect: 47%)
The boulder beetle seems to slow down.
The lindwurm breathes flames at you. The blast of flame hits you!!
The elephant is engulfed in blazing flames.
Casting: Slow (safe; 1% risk of failure)
Confirm with . or Enter, or press ? or * to list all spells.
Aiming: Inner Flame (safe; 1% risk of failure)
Press: ? - help, Dir - move target, f/p - boulder beetle
Aim: a boulder beetle (slow, chance to affect: 73%)
The boulder beetle is filled with an inner flame.
The elephant is engulfed in blazing flames.
Unknown command.
The lindwurm breathes flames at you. The blast of flame hits you!
The boulder beetle curls into a ball and begins rolling!
Fire: a) +3 hand crossbow "Voclestro" {freeze, Stlth+}
Press: ? - help, Shift-Dir - straight line, f - lindwurm, p - boulder beetle
Aim: a lindwurm (catching its breath, 82% to hit)
You shoot a bolt.
The bolt completely misses the lindwurm.
The bolt hits the plant!
The plant begins to die.
The bolt freezes the plant!
The plant is lightly damaged.
Fire: a) +3 hand crossbow "Voclestro" {freeze, Stlth+}
Press: ? - help, Shift-Dir - straight line, f/p - lindwurm
Aim: a lindwurm (catching its breath, 82% to hit)
You shoot a bolt. The bolt hits the boulder beetle!
Flame seeps out of the boulder beetle.
The bolt freezes the boulder beetle.
Flame seeps out of the boulder beetle.
The boulder beetle is moderately wounded.
The boulder beetle is engulfed in blazing flames.
Flame seeps out of the boulder beetle.
Something tramples the plant.
Something trunk-slaps the plant.
The lindwurm breathes flames at you. The blast of flame hits you!!!
Ouch! That really hurt!
You die...

.##.....................÷..Y
..#.................P..P.###
...#....................##
....##.............P..###
##...#...............##
##......^...........##
....................#
⌠.....⌠#...........##
.......+........@P##
##....#...........#
##...#............#
#...............B.##
...##...........°..##
...#...........k°...#
.##.............°..## .
##................## #..
..................####....


You could see a boulder beetle (rolling, inner flame, slow) and a lindwurm
(catching breath).

Vanquished Creatures
  Kirke (D:11)
  A fire dragon (Volcano)
  2 vault guards (Bailey)
  Fannar (D:11)
  A hydra (Lair:2)
  Harold (Lair:1)
  A boulder beetle (D:12)
  A catoblepas (Lair:4)
  3 two-headed ogres (D:12)
  A centaur warrior (D:8)
  A radroach (shapeshifter) (D:8)
  8 death yaks
  A hell hog (Volcano)
  Sonja (D:10)
  4 skeletal warriors (D:12)
  A bog body (Lair:3)
  An oklob plant (Lair:3)
  An ugly thing (D:11)
  35 elephants
  A manticore (D:8)
  A cyclops (D:12)
  A molten gargoyle (Volcano)
  2 black mambas (Lair:5)
  A gargoyle (Volcano)
  2 torpor snails (Lair:3)
  A kobold demonologist (D:11)
  7 cane toads
  An unseen horror (D:10)
  3 rime drakes
  13 komodo dragons
  2 polar bears
  2 slime creatures (Lair:5)
  Prince Ribbit (Bailey)
  10 dream sheep
  2 spriggans (Lair:2)
  3 shadows
  10 wyverns
  35 yaks
  4 wraiths
  4 hogs (D:12)
  6 humans (Bailey)
  7 fire bats (Volcano)
  2 steam dragons
  7 vampire mosquitoes (D:12)
  2 nagas (Lair:3)
  5 acid dragons (D:11)
  A hell hound (Volcano)
  13 water moccasins
  A sky beast (D:7)
  7 black bears
  5 orc warriors
  An ice beast (D:8)
  8 wolves
  3 centaurs
  3 phantoms
  Blork the orc (D:6)
  2 kobold brigands
  19 bullfrogs
  A gnoll sergeant (D:9)
  4 scorpions
  4 wights (D:8)
  14 killer bees
  4 howler monkeys
  4 electric eels
  8 lava snakes (Volcano)
  2 jellies (Lair:5)
  4 orc priests
  A hound (D:5)
  7 iguanas
  Natasha (thrice) (D:3)
  8 orc wizards
  Ijyb (D:3)
  6 hell rats
  Robin (D:3)
  7 gnolls
  4 adders
  2 white imps
  An ufetubus (D:4)
  3 worms
  3 dart slugs
  37 orcs
  7 bats
  8 endoplasms
  3 giant cockroaches
  17 goblins
  13 hobgoblins
  7 jackals
  4 quokkas
  5 ball pythons
  6 frilled lizards
  18 kobolds
  9 rats
  A bush (Lair:5)
492 creatures vanquished.

Vanquished Creatures (others)
  A bush (Lair:2)
  62 fungi
  207 plants
270 creatures vanquished.

Grand Total: 762 creatures vanquished

Notes
Turn   | Place    | Note
-------+----------+-------------------------------------------
     0 | D:1      | bjtr the Spriggan Arcane Marksman began the quest for the
                  | Orb.
     0 | D:1      | Reached XP level 1. HP: 9/9 MP: 3/3
   216 | D:1      | Reached XP level 2. HP: 14/14 MP: 2/5
  1070 | D:1      | Reached XP level 3. HP: 15/17 MP: 4/6
  1132 | D:1      | Found a faded altar of an unknown god.
  1332 | D:2      | Found a basalt altar of Yredelemnul.
  1345 | D:2      | Reached skill level 3 in Ranged Weapons
  1548 | D:2      | Found Rutwaocwae's Distillery.
  1555 | D:2      | Bought a potion of heal wounds for 65 gold pieces
  1688 | D:2      | Learned a level 3 spell: Inner Flame
  2026 | D:3      | Reached XP level 4. HP: 21/21 MP: 5/8
  2033 | D:3      | Learned a level 3 spell: Portal Projectile
  2085 | D:3      | Noticed Natasha
  2100 | D:3      | Killed Natasha
  2612 | D:3      | Noticed Robin
  2677 | D:3      | Killed Robin
  2797 | D:3      | Reached skill level 4 in Ranged Weapons
  2917 | D:3      | Noticed Ijyb
  2952 | D:3      | Killed Ijyb
  2953 | D:3      | Reached XP level 5. HP: 25/25 MP: 4/9
  3030 | D:3      | Noticed Natasha
  3053 | D:3      | Killed Natasha
  3341 | D:3      | Noticed Natasha
  3346 | D:3      | Killed Natasha
  3521 | D:4      | Reached skill level 5 in Ranged Weapons
  3677 | D:4      | Noticed a black bear
  3685 | D:4      | Killed a black bear
  3686 | D:4      | Reached skill level 5 in Hexes
  3686 | D:4      | Reached XP level 6. HP: 29/29 MP: 2/10
  3853 | D:4      | Reached skill level 6 in Ranged Weapons
  4194 | D:4      | Found Huighusi's Magic Scroll Shop.
  4208 | D:4      | Bought a scroll of identify for 24 gold pieces
  4208 | D:4      | Bought a scroll of identify for 24 gold pieces
  4208 | D:4      | Bought a scroll of teleportation for 36 gold pieces
  4298 | D:5      | Entered Level 5 of the Dungeon
  4386 | D:5      | Reached XP level 7. HP: 32/32 MP: 11/11
  4706 | D:5      | Found a hide-covered altar of Uskayaw.
  4723 | D:5      | Found an ancient bone altar of Kikubaaqudgha.
  4883 | D:5      | Reached skill level 7 in Ranged Weapons
  5907 | D:6      | Reached skill level 8 in Ranged Weapons
  5907 | D:6      | Reached XP level 8. HP: 37/37 MP: 4/14
  6136 | D:6      | Noticed Blork the orc
  6140 | D:6      | Killed Blork the orc
  6258 | D:6      | Reached skill level 1 in Fire Magic
  6648 | D:6      | Found a staircase to the Ecumenical Temple.
  6654 | Temple   | Entered the Ecumenical Temple
  7310 | D:7      | Reached skill level 10 in Ranged Weapons
  7310 | D:7      | Reached skill level 10 in Hexes
  7310 | D:7      | Reached XP level 9. HP: 40/40 MP: 15/19
  7698 | D:8      | Found a shimmering altar of Xom.
  7718 | D:8      | Found a flagged portal.
  7788 | Bailey   | Entered a bailey
  8063 | Bailey   | Reached skill level 1 in Shields
  8063 | Bailey   | Reached XP level 10. HP: 42/44 MP: 12/21
  8151 | Bailey   | Reached skill level 1 in Evocations
  8156 | Bailey   | Noticed a vault guard
  8160 | Bailey   | Noticed Prince Ribbit
  8182 | Bailey   | Killed a vault guard
  8182 | Bailey   | Killed Prince Ribbit
  8183 | Bailey   | Reached skill level 11 in Ranged Weapons
  8266 | Bailey   | Noticed a vault guard
  8339 | Bailey   | Killed a vault guard
  8640 | D:8      | HP: 2/44 [poisoned by a water moccasin]
  9447 | D:8      | Noticed a radroach
  9549 | D:8      | Killed a radroach
  9595 | D:8      | Noticed a centaur warrior
  9605 | D:8      | Killed a centaur warrior
  9966 | D:8      | Noticed a catoblepas
 10271 | D:8      | Noticed a manticore
 11074 | D:8      | Killed a manticore
 11075 | D:8      | Reached skill level 12 in Ranged Weapons
 11075 | D:8      | Reached XP level 11. HP: 48/48 MP: 19/23
 11721 | D:9      | Found a staircase to the Orcish Mines.
 12490 | D:9      | Reached skill level 1 in Translocations
 13282 | D:10     | Entered Level 10 of the Dungeon
 13287 | D:10     | Found a stormy altar of Qazlal.
 13345 | D:10     | Found a white marble altar of Elyvilon.
 13353 | D:10     | Became a worshipper of Elyvilon the Healer
 13360 | D:10     | Learned a level 4 spell: Cause Fear
 13416 | D:10     | Found a shimmering blue altar of Sif Muna.
 13433 | D:10     | Noticed Sonja
 13467 | D:10     | Killed Sonja
 13868 | D:10     | Reached skill level 1 in Invocations
 14268 | D:10     | Reached * piety under Elyvilon
 14300 | D:10     | Found an opulent altar of Gozag.
 14769 | D:10     | Found a shadowy altar of Dithmenos.
 15441 | D:11     | Reached skill level 1 in Fighting
 15796 | D:11     | Found a staircase to the Lair.
 15811 | D:11     | You are sucked into a shaft and drop 1 floor!
 16501 | D:11     | Reached ** piety under Elyvilon
 16744 | D:11     | Noticed Fannar
 16774 | D:11     | Killed Fannar
 17180 | D:11     | Reached XP level 12. HP: 53/53 MP: 19/25
 17548 | D:11     | Identified a scroll of acquirement
 17548 | D:11     | Acquired the +3 hand crossbow "Voclestro" {freeze, Stlth+}
 17736 | D:12     | Found the +8 demon trident "Rift" {distort, reach+}
 17998 | D:12     | Noticed a two-headed ogre
 18008 | D:12     | Killed a two-headed ogre
 18009 | D:12     | Reached skill level 13 in Ranged Weapons
 18489 | D:12     | Noticed Kirke
 18842 | D:11     | Noticed a sphinx
 18854 | D:11     | Killed Kirke
 19437 | D:12     | Noticed a two-headed ogre
 19637 | D:12     | Noticed a two-headed ogre
 19649 | D:12     | Killed a two-headed ogre
 19869 | D:13     | Noticed Rupert
 19869 | D:13     | Noticed a centaur warrior
 19869 | D:13     | Noticed Urug
 19869 | D:13     | Found a gate to the Vaults.
 19900 | D:12     | Killed a two-headed ogre
 20025 | D:13     | Noticed a boulder beetle
 20025 | D:13     | Reached *** piety under Elyvilon
 20054 | D:12     | Killed a boulder beetle
 20055 | D:12     | Reached skill level 10 in Dodging
 20085 | D:13     | Noticed a tengu warrior
 20085 | D:13     | Noticed a tengu warrior
 20261 | Lair:1   | Entered Level 1 of the Lair of Beasts
 20895 | Lair:1   | Reached XP level 13. HP: 21/58 MP: 24/27
 21304 | Lair:1   | Noticed Harold
 21309 | Lair:1   | Killed Harold
 22095 | Lair:2   | Reached skill level 14 in Ranged Weapons
 22167 | Lair:2   | Learned a level 3 spell: Mephitic Cloud
 22172 | Lair:2   | Learned a level 4 spell: Leda's Liquefaction
 22174 | Lair:2   | Learned a level 1 spell: Sandblast
 22191 | Lair:2   | Reached **** piety under Elyvilon
 22197 | Lair:2   | Found an iron altar of Okawaru.
 22657 | Lair:2   | Reached skill level 5 in Shields
 23435 | Lair:3   | You are sucked into a shaft and drop 2 floors!
 23435 | Lair:5   | Entered Level 5 of the Lair of Beasts
 23457 | Lair:5   | Found a staircase to the Slime Pits.
 23641 | Lair:5   | Reached skill level 5 in Invocations
 24080 | Lair:4   | Found a dark tunnel.
 24089 | Volcano  | Entered a volcano
 24233 | Volcano  | Reached ***** piety under Elyvilon
 24393 | Volcano  | Found a burning altar of Makhleb.
 24405 | Volcano  | Elyvilon protects you from harm!
 24551 | Volcano  | Noticed a fire dragon
 24572 | Volcano  | Killed a fire dragon
 26635 | Lair:3   | Found a staircase to the Snake Pit.
 27033 | Lair:3   | Found a staircase to the Swamp.
 27065 | Lair:3   | Learned a level 3 spell: Dazzling Flash
 27382 | Lair:3   | Reached XP level 14. HP: 43/63 MP: 22/28
 28102 | Lair:4   | Reached skill level 10 in Spellcasting
 28183 | Lair:4   | Reached skill level 15 in Ranged Weapons
 30772 | Lair:5   | Found an ornate altar of the Wu Jian Council.
 30786 | Lair:5   | Killed from afar by a lindwurm

Illustrated notes

Levels and vault maps discovered:
D:1:      amcnicky_arrival_wind_blow, layout_basic,
          shapermc_ecumenical_altar_petra
D:2:      layout_loops_ring, basic_altar, serial_shops, shop
D:3:      layout_loops_ring, uniq_robin, uniq_natasha, uniq_ijyb
D:4:      layout_cave_pools, serial_shops, nicolae_shop_trees, minmay_distorted
D:5:      layout_rooms, mainiacjoe_overflow_paths, mainiacjoe_overflow_catwalk,
          chequers_serial_rivers_room_a, chequers_serial_rivers_room_b
D:6:      layout_layer_cave, minmay_temple_entry_fiery, uniq_blork_the_orc
D:7:      layout_rooms, hangedman_decor_diamond_cutter
D:8:      nzn_winding_woodlands_small [nzn_winding_woodlands_5x15_sawtooth,
          nzn_winding_woodlands_center_triple_pond,
          nzn_winding_woodlands_5x15_pockets], layout_loops_ring,
          xom_butterflies, enter_bailey_3, nrook_pool_corridor
D:9:      layout_roguey, david_orc_3
D:10:     layout_basic, mainiacjoe_overflow_surrounded_room,
          mainiacjoe_overflow_boulevard, mainiacjoe_overflow_alcove_4,
          grunt_gozag_breadcrumbs, nicolae_qazlal_general_emergency, uniq_sonja
D:11:     layout_loops_cross, due_lair_maze_entry_diamond, uniq_fannar
D:12:     layout_loops_ring, uniq_kirke
D:13:     layout_loops_cross, david_vaults_3, minmay_statue_bubble
Temple:   nicolae_temple_bog_church
Lair:1:   layout_misc_corridors, uniq_harold
Lair:2:   wad_woods_stonehenge, layout_regular_city, serial_bayou,
          serial_bayou_pond_d, serial_bayou_lake_a, serial_bayou_lagoon_a,
          serial_bayou_pond_b
Lair:3:   layout_loops_ring, skrybe_swamp_entry_bodies,
          guppyfry_snake_entry_island, chequers_serial_rivers_micro_d,
          beast_lair_carwin_6, serial_bayou_shore_a
Lair:4:   layout_cave_pods, nicolae_volcano_entry_lava_flow, grunt_megastairs_1
Lair:5:   grunt_lair_end_beastmaster, layout_cave_shapes,
          minmay_slime_entry_pillars, nzn_masters_of_martial_movement,
          grunt_megastairs_5, infiniplex_staircase_pool, serial_bayou_shore_b

Skill      XL: |  1  2  3  4  5  6  7  8  9 10 11 12 13 14 |
---------------+-------------------------------------------+-----
Hexes          | 4 5 6 10 11 12 13 14 | 14.3
Ranged Weapons | 3 4 5 6 8 10 12 13 14 15 | 15.5
Dodging        | 3 8 9 10 11 12 | 12.3
Spellcasting   | 2 3 6 7 8 9 10 | 10.5
Fire Magic     | 1 2 3 4 |  4.1
Stealth        | 6 |  6.6
Shields        | 1 2 3 4 5 6 |  6.6
Evocations     | 1 |  1.4
Translocations | 2 3 |  3.2
Invocations    | 2 4 5 |  5.8
Fighting       | 1 2 3 |  3.4

Action                   |  1- 3 |  4- 6 |  7- 9 | 10-12 | 13-15 || total
-------------------------+-------+-------+-------+-------+-------++-------
Melee: Short sword       |       |       |       |     1 |       ||     1
       Hand crossbow     |       |       |       |       |     1 ||     1
 Fire: Sling             |   138 |   234 |   218 |   409 |       ||   999
       Arbalest          |       |       |       |    31 |       ||    31
       Hand crossbow     |       |       |       |   153 |   455 ||   608
 Cast: Slow              |    54 |    31 |    44 |    93 |    36 ||   258
       Inner Flame       |     1 |     6 |    28 |   157 |   108 ||   300
       Portal Projectile |       |     3 |     2 |    13 |    19 ||    37
Invok: Heal Self         |       |       |       |       |    11 ||    11
Evoke: Wand              |       |       |     7 |     1 |     1 ||     9
  Use: Scroll            |     2 |     3 |    16 |    14 |     1 ||    36
       Potion            |       |       |     2 |     2 |     4 ||     8
 Stab: Sleeping          |       |       |       |     1 |       ||     1
Armor: Robe              |     4 |     1 |       |       |       ||     5
       Animal skin       |       |     5 |     3 |       |       ||     8
       Steam dragon scal |       |       |     9 |    16 |    32 ||    57
Dodge: Dodged            |    38 |    51 |    75 |   134 |   169 ||   467
Block: Other             |       |       |    12 |    16 |       ||    28
       Reflection        |       |       |       |     4 |     4 ||     8
       Buckler           |       |       |       |    30 |   135 ||   165

Table legend: (Time is in decaauts)
 A = Elapsed time spent in this place.
 B = Non-inter-level travel time spent in this place.
 C = Inter-level travel time spent in this place.
 D = Time resting spent in this place.
 E = Time spent auto-exploring this place.
 F = Levels seen in this place.
 G = Mean time per level.
                   A        B        C        D        E       F      G
               +--------+--------+--------+--------+--------+-----+--------+
         Total |  25628 |  25177 |    451 |  13243 |   6795 |  21 | 1220.4 |
       Dungeon |  15920 |  15634 |    286 |   7952 |   4435 |  13 | 1224.6 |
        Temple |     98 |     85 |     13 |      0 |     76 |   1 |   98.0 |
          Lair |   7809 |   7658 |    151 |   4443 |   1827 |   5 | 1561.8 |
        Bailey |    664 |    664 |      0 |    392 |     48 |   1 |  664.0 |
       Volcano |   1133 |   1133 |      0 |    454 |    407 |   1 | 1133.0 |
               +--------+--------+--------+--------+--------+-----+--------+

Top non-repeatable levels by time:
  Lair:3: 2377 daAuts
    D:12: 2323 daAuts
    D:11: 2081 daAuts
     D:8: 1931 daAuts
  Lair:4: 1920 daAuts
     D:9: 1758 daAuts
    D:10: 1381 daAuts
  Lair:2: 1305 daAuts
     D:3: 1207 daAuts
     D:7: 1147 daAuts
 Volcano: 1133 daAuts
  Lair:5: 1109 daAuts
  Lair:1: 1097 daAuts
     D:1: 967 daAuts
     D:6: 953 daAuts
